 Dungeon Crawl Stone Soup version 0.27-a0-705-ga0013940fb (webtiles) character file.

Game seed: 17483630436051619869

869 Lanoc the Slicer (level 8, -2/48 HPs)
             Began as a Kobold Gladiator on Mar 22, 2021.
             Killed from afar by Dowan (10 damage)
             ... with a stone arrow
             ... on level 4 of the Dungeon.
             The game lasted 00:06:48 (4179 turns).

Lanoc the Slicer (Kobold Gladiator)                 Turns: 4179, Time: 00:06:49

Health: -2/48      AC: 11    Str: 11    XL:     8   Next: 24%
Magic:  8/8        EV: 16    Int: 10    God:
Gold:   180        SH:  6    Dex: 18    Spells: 7/7 levels left

rFire    . . .     SeeInvis .   i - +2 short sword (protect)
rCold    . . .     Faith    .   k - +0 buckler
rNeg     . . .     Spirit   .   b - +0 leather armour
rPois    .         Reflect  .   c - +0 helmet
rElec    .         Harm     .   (no cloak)
rCorr    .         Rampage  .   (no gloves)
Will     .....                  (no boots)
Stlth    ++........             (no amulet)
HPRegen  0.16/turn              (no ring)
MPRegen  0.11/turn              (no ring)

@: mighty, coronaed, protection aura, attractive, glowing
A: small, no large weapons, nightstalker 3
a: no special abilities


You were on level 4 of the Dungeon.
You visited 1 branch of the dungeon, and saw 5 of its levels.

You collected 180 gold pieces.

Inventory:

Hand Weapons
 a - a +0 rapier
 i - a +2 short sword of protection (weapon)
Armour
 b - a +0 leather armour (worn)
 c - a +0 helmet (worn)
 k - a +0 buckler (worn)
Wands
 o - a wand of polymorph (3)
Scrolls
 d - a scroll of brand weapon {unknown}
 e - 5 scrolls of teleportation {unknown}
 m - 4 scrolls of identify {unknown}
Potions
 f - a potion of haste
 l - a potion of ambrosia {unknown}
 n - a potion of brilliance {unknown}
 p - a potion of curing {unknown}


   Skills:
 + Level 4.4 Fighting
 * Level 8.1 Short Blades
 - Level 2.1 Throwing
 + Level 5.8 Dodging
 + Level 4.4 Stealth
 + Level 2.2 Shields


You had 7 spell levels left.
You didn't know any spells.
Your spell library contained the following spells:

 Spells                   Type           Power      Damage    Failure   Level
 Petrify                  Tmut/Erth      0%         N/A       100%        4
 Lightning Bolt           Conj/Air       0%         1d11      100%        5
 Tornado                  Air            0%         N/A       100%        9


Dungeon Overview and Level Annotations

Branches:
Dungeon (5/15)
 Temple: D:4-7

Altars:
Cheibriados
Gozag
Trog

Annotations:
D:4 Dowan, Menkaure


Innate Abilities, Weirdness & Mutations

You are small and have problems with some larger weapons.
You are completely attuned to the shadows.


Message History

Duvessa is almost dead.
Dowan says, "My weaknesses are her strengths!"
Dowan casts a spell.
Dowan blinks!
You block Duvessa's attack.
You barely miss Duvessa.
Duvessa is almost dead.
You block Duvessa's attack. Dowan hits you but does no damage.
You hit Duvessa but do no damage.
Duvessa is almost dead.
Duvessa barely misses you. You block Dowan's attack.
You hit Duvessa but do no damage.
Duvessa is almost dead.
Duvessa hits you but does no damage. Duvessa closely misses you.
Dowan points at you and mumbles some strange words.
You are outlined in light.
You hit Duvessa.
You kill Duvessa!
Dowan seems overcome with grief, but rights himself reflexively soon after.
Dowan seems to find hidden reserves of power!
Dowan hits you but does no damage.
Your Short Blades skill increases to level 8!
You hit Dowan.
Dowan is lightly wounded.
Dowan barely misses you.
You closely miss Dowan.
Dowan is lightly wounded.
You block Dowan's attack.
You completely miss Dowan.
Dowan is lightly wounded.
Dowan hits you but does no damage. Dowan closely misses you.
You closely miss Dowan.
Dowan is lightly wounded.
Dowan casts a spell at you. The shard of ice hits you!!
* * * LOW HITPOINT WARNING * * *
It was a potion of might.
You feel very mighty all of a sudden. Dowan casts a spell at you.
The stone arrow hits you!
You die...

######..#.#.#
#.#
#.#<...#.#
#.#
#.######.#
#.#
#........#
#.#
#.########
#.# #.# #.#
#.#
#.########.#
#.)@e......#
############


You could see Dowan (fast).

Vanquished Creatures
  Eustachio (D:4)
  Duvessa (D:4)
  2 ogres (D:4)
  A scorpion (D:4)
  2 bullfrog zombies
  2 hounds (D:4)
  A bullfrog skeleton (D:4)
  A centaur skeleton (D:4)
  2 iguanas (D:4)
  An orc wizard (D:4)
  Robin (D:2)
  5 adders
  A white imp (D:4)
  An adder skeleton (D:4)
  2 worms (D:2)
  3 dart slugs
  An orc (D:3)
  6 bats
  6 giant cockroaches
  16 goblins
  9 hobgoblins
  3 jackals
  11 kobolds
  10 oozes
  3 quokkas
  9 ball pythons
  5 frilled lizards
  8 rats
114 creatures vanquished.

Notes
Turn   | Place    | Note
-------+----------+-------------------------------------------
     0 | D:1      | Lanoc the Kobold Gladiator began the quest for the Orb.
     0 | D:1      | Reached XP level 1. HP: 12/12 MP: 1/1
     2 | D:1      | Noticed an elf
     4 | D:1      | Noticed a centaur
     4 | D:1      | Noticed a vine stalker
     6 | D:1      | Noticed a naga
     6 | D:1      | Noticed a merfolk
     8 | D:1      | Noticed a human
     8 | D:1      | Noticed a dwarf
    10 | D:1      | Noticed a halfling
    12 | D:1      | Noticed a gargoyle
    14 | D:1      | Noticed a formicid
    14 | D:1      | Noticed an ogre
    16 | D:1      | Noticed a troll
    16 | D:1      | Noticed a vampire
    18 | D:1      | Noticed a draconian
    18 | D:1      | Noticed a minotaur
    20 | D:1      | Noticed a ghoul
    20 | D:1      | Noticed a spriggan
    22 | D:1      | Noticed a felid
    22 | D:1      | Noticed an octopode
    24 | D:1      | Noticed a demigod
    24 | D:1      | Noticed a demonspawn
    26 | D:1      | Noticed a tengu
    74 | D:1      | Reached XP level 2. HP: 7/18 MP: 2/2
   797 | D:1      | Reached XP level 3. HP: 22/22 MP: 3/3
  1152 | D:1      | Reached skill level 5 in Short Blades
  1574 | D:2      | Reached XP level 4. HP: 26/27 MP: 4/4
  1591 | D:2      | Reached skill level 1 in Stealth
  1882 | D:2      | Found an opulent altar of Gozag.
  1893 | D:2      | Found a bloodstained altar of Trog.
  2333 | D:2      | Found a snail-covered altar of Cheibriados.
  2360 | D:3      | Noticed Robin
  2472 | D:2      | Killed Robin
  2507 | D:3      | Reached XP level 5. HP: 30/32 MP: 5/5
  3121 | D:3      | Reached skill level 6 in Short Blades
  3351 | D:4      | Reached XP level 6. HP: 33/37 MP: 6/6
  3443 | D:4      | Reached skill level 1 in Shields
  3494 | D:4      | Identified Hosumom's Reference Book on Air and Shape
                  | Shifting
  3621 | D:4      | Reached skill level 5 in Dodging
  3622 | D:4      | Noticed an ogre
  3626 | D:4      | Killed an ogre
  3627 | D:4      | Reached skill level 7 in Short Blades
  3627 | D:4      | Reached XP level 7. HP: 42/42 MP: 7/7
  3694 | D:4      | Noticed Menkaure
  3760 | D:5      | Entered Level 5 of the Dungeon
  4075 | D:4      | Noticed Eustachio
  4083 | D:4      | Killed Eustachio
  4084 | D:4      | Reached XP level 8. HP: 48/48 MP: 8/8
  4135 | D:4      | Noticed Duvessa
  4136 | D:4      | Noticed Dowan
  4174 | D:4      | Killed Duvessa
  4175 | D:4      | Reached skill level 8 in Short Blades
  4179 | D:4      | Killed from afar by Dowan

Illustrated notes

Levels and vault maps discovered:
D:1:      kb_arrival_jail, layout_basic, chequers_big_river
D:2:      layout_rooms, lemuel_crystal_altar, lemuel_round_altar,
          grunt_gozag_breadcrumbs
D:3:      layout_basic, minmay_misc_feat_columns, uniq_robin
D:4:      minmay_octagon_keep, layout_basic, minitemple,
          ebering_ghost_rock_garden, st_stairs_14, uniq_duvessa, uniq_menkaure,
          uniq_eustachio
D:5:      layout_gridville

Skill      XL: |  1  2  3  4  5  6  7  8 |
---------------+-------------------------+-----
Dodging        | 4 5 |  5.8
Short Blades   | 5 6 7 8 |  8.1
Stealth        | 1 2 3 4 |  4.4
Fighting       | 3 4 |  4.4
Shields        | 1 2 |  2.2
Throwing       | |  2.1

Action                   |  1- 3 |  4- 6 |  7- 9 || total
-------------------------+-------+-------+-------++-------
Melee: Rapier            |   108 |    23 |       ||   131
       Short sword       |       |   148 |    75 ||   223
Throw: Throwing net      |       |       |     5 ||     5
  Use: Potion            |       |       |     4 ||     4
 Stab: Sleeping          |     8 |    19 |     6 ||    33
       Distracted        |     1 |       |       ||     1
       Held in net/web   |       |       |     1 ||     1
Armor: Leather armour    |    24 |    38 |    15 ||    77
Dodge: Dodged            |   101 |   118 |    26 ||   245
Block: Buckler           |       |    30 |    20 ||    50

Table legend: (Time is in decaauts)
 A = Elapsed time spent in this place.
 B = Non-inter-level travel time spent in this place.
 C = Inter-level travel time spent in this place.
 D = Time resting spent in this place.
 E = Time spent auto-exploring this place.
 F = Levels seen in this place.
 G = Mean time per level.
                   A        B        C        D        E       F      G
               +--------+--------+--------+--------+--------+-----+--------+
         Total |   4138 |   4112 |     26 |    211 |   3149 |   5 |  827.6 |
       Dungeon |   4138 |   4112 |     26 |    211 |   3149 |   5 |  827.6 |
               +--------+--------+--------+--------+--------+-----+--------+

Top non-repeatable levels by time:
     D:1: 1336 daAuts
     D:2: 1117 daAuts
     D:3: 881 daAuts
     D:4: 624 daAuts
     D:5: 178 daAuts
